AoeStats
← MokaPotShot

Arabia

507770262Analyzed
1v1 RM · 13d ago on Sep 19, 2026· 32m 45s· 2 players
Game mode
Random Map
Map size
Tiny (2 player)
Population
200
Speed
Normal
Resources
Standard
Victory
Conquest
Starting age
Dark Age
Ending age
Imperial Age
RankedLock teamsTeams togetherTeam positionsShared explorationLock speedFull tech treeHidden civsTurbo modeCheats
Victory
Defeat
🇬🇧 Bengalis · United Kingdom
976
+17
🇮🇹 Italians · Italy
1000
-51
Remo
10:01 Feudal Age
10:35 Double-Bit Axe
10:37 Horse Collar
15:13 Loom
18:03 Padded Archer Armor
21:02 Castle Age
20:45 Wheelbarrow
21:11 Fletching
21:56 Gold Mining
22:20 Bow Saw
24:13 Stone Mining
24:44 Hand Cart
26:16 Gold Shaft Mining
26:39 Leather Archer Armor
27:05 Bloodlines
27:27 Bodkin Arrow
27:50 Redemption
28:51 Elite Skirmisher
30:07 Forging
MokaPotShot
10:09 Feudal Age
13:02 Horse Collar
14:21 Fletching
21:33 Castle Age
19:46 Padded Archer Armor
20:21 Forging
21:40 Crossbowman
22:18 Bodkin Arrow
23:05 Double-Bit Axe
23:27 Thumb Ring
24:37 Wheelbarrow
24:11 Elite Skirmisher
28:08 Ballistics
33:19 Imperial Age
30:28 Pikeman
31:14 Scale Mail Armor
Connection lost

Rejoining the realm…

Still unreachable

The connection could not be restored.

Session expired

The server has moved on; the page needs a fresh start.